 Dungeon Crawl Stone Soup version 0.25.1-8-g42b30a86e7 (webtiles) character file.

Game seed: 7824670887144286709

237749 Clowwww the Peltast (level 18, -3/170 HPs)
             Began as a Minotaur Fighter on Dec 14, 2020.
             Was the Champion of Trog.
             Killed by the air
             ... invoked by a spriggan air mage
              (15 damage)
             ... on level 1 of the Depths.
             The game lasted 02:15:14 (41266 turns).

Clowwww the Peltast (Minotaur Fighter)             Turns: 41266, Time: 02:15:14

Health: -3/170     AC: 19    Str: 31    XL:     18   Next: 54%
Magic:  5/5        EV: 32    Int:  8    God:    Trog [******]
Gold:   1995       SH: 30    Dex: 15    Spells: 17/17 levels left

rFire    + + .     SeeInvis .   H - +7 broad axe (antimagic)
rCold    . . .     Gourm    .   J - +5 tower shield of Fixie {-Cast rElec rF+ Int+5}
rNeg     + + .     Faith    .   a - +0 scale mail of Gluttony {rF+ rCorr Dex+4}
rPois    .         Spirit   .   (helmet restricted)
rElec    +         Reflect  .   l - +2 cloak
rCorr    +         Harm     .   w - +1 pair of gloves of Zouw {*Drain rElec rN+ Str+3}
MR       ++...     NoCast   +   y - +2 pair of boots
Stlth    +.........             k - amulet of the acrobat
HPRegen  0.38/turn              Q - ring of positive energy
MPRegen  0.09/turn              i - ring of protection from magic

@: berserk cooldown, acrobat, very slightly contaminated, slowed, very slow
A: retaliatory headbutt, horns 2, dopey 1
}: 2/15 runes: decaying, gossamer
a: Berserk, Trog's Hand, Brothers in Arms, Renounce Religion


You were on level 1 of the Depths.
You worshipped Trog.
Trog was exalted by your worship.
You were not hungry.

You visited 6 branches of the dungeon, and saw 32 of its levels.
You also visited: Gauntlet.

You collected 3275 gold pieces.
You spent 1280 gold pieces at shops.

Inventory:

Hand Weapons
 z - the +8 great sword of the Pariah {freeze, rElec MR+++ Str-4 Dex+4}
   (You took it off a minotaur in a Gauntlet)

   It has been specially enchanted to freeze those struck by it, causing extra
   injury to most foes and up to half again as much damage against particularly
   susceptible opponents.
   It can also slow down cold-blooded creatures.
   It affects your strength (-4).
   It affects your dexterity (+4).
   It insulates you from electricity.
   It affects your resistance to hostile enchantments.
 D - the +7 flail of Giynev {vorpal, rC+}
   (You took it off an orc warrior on level 7 of the Dungeon)

   It inflicts extra damage upon your enemies.
   It protects you from cold.
 H - a +7 antimagic broad axe (weapon)
 S - a +4 broad axe of flaming
Missiles
 t - 4 throwing nets
 G - 12 silver javelins (quivered)
Armour
 a - the +0 scale mail of Gluttony (worn) {rF+ rCorr Dex+4}
   (You found it on level 13 of the Dungeon)

   It affects your dexterity (+4).
   It protects you from fire.
   It provides partial protection from all sources of acid and corrosion.
 l - a +2 cloak (worn)
 q - the +0 pair of fencer's gloves {Riposte Dex+3}
   (You bought it in a shop on level 2 of the Orcish Mines)

   It affects your dexterity (+3).
 w - the +1 pair of gloves of Zouw (worn) {*Drain rElec rN+ Str+3}
   (You found it on level 8 of the Dungeon)

   It affects your strength (+3).
   It insulates you from electricity.
   It protects you from negative energy.
   It causes draining when unequipped.
 y - a +2 pair of boots (worn)
 J - the +5 tower shield of Fixie (worn) {-Cast rElec rF+ Int+5}
   (You found it on level 13 of the Dungeon)

   It affects your intelligence (+5).
   It protects you from fire.
   It insulates you from electricity.
   It prevents spellcasting.
Jewellery
 i - a ring of protection from magic (right hand)
 k - an amulet of the acrobat (around neck)
 n - an uncursed ring of flight
 O - an uncursed ring of poison resistance
 Q - a ring of positive energy (left hand)
 U - an uncursed ring of resist corrosion
Wands
 b - a wand of clouds (10)
 c - a wand of flame (21)
 d - a wand of iceblast (27)
 o - a wand of digging (11)
 R - a wand of disintegration (57)
Scrolls
 m - 11 scrolls of remove curse
 p - 3 scrolls of fog
 r - 4 scrolls of enchant armour
 s - 12 scrolls of teleportation
 u - 2 scrolls of holy word
 C - 2 scrolls of fear
 F - a scroll of silence
 I - 8 scrolls of magic mapping
 K - 2 scrolls of identify
 L - a scroll of blinking
 V - a scroll of summoning
Potions
 e - 3 potions of resistance
 g - a potion of heal wounds
 h - 4 potions of haste
 j - 5 potions of flight
 v - 11 potions of curing
 x - a potion of degeneration {unknown}
 A - 3 potions of berserk rage
 B - 2 potions of invisibility
 E - 2 potions of ambrosia
 M - 6 potions of magic
 N - 2 potions of cancellation
 P - 7 potions of might
 T - a potion of stabbing
Comestibles
 f - 38 rations


   Skills:
 + Level 17.2 Fighting
 + Level 20.6(20.8) Axes
 + Level 5.0(14.7) Maces & Flails
   Level 2.6(14.2) Polearms
 + Level 5.0 Throwing
 + Level 13.5 Armour
 + Level 10.6 Dodging
 + Level 3.4 Stealth
 + Level 20.7 Shields
 + Level 0.4 Evocations


You had 17 spell levels left.
You didn't know any spells.
Your spell library was empty.

Dungeon Overview and Level Annotations

Branches:
Dungeon (15/15)            Temple (0/1) D:7            Lair (6/6) D:9
  Swamp (4/4) Lair:3       Spider (4/4) Lair:3        Slime (0/5) Lair:5
    Orc (2/2) D:12            Elf (0/3) Orc:2        Vaults (0/5) D:14
 Depths (1/5) D:15        Gauntlet (visited)

Altars:
Ashenzari
Cheibriados
Dithmenos
Fedhas
Hepliaklqana
Makhleb
Nemelex Xobeh
Ru
Trog
Uskayaw
Vehumet
Wu Jian
Xom
Yredelemnul
Zin

Shops:
D:4 :[[   D:6 *   D:11 *   Orc:2 :[[(=

Portals:
Hell: Lair:6 Depths:1
Trove: D:12 (give +4 shadow dragon scales)

Annotations:
D:6 1 runed translucent door


Innate Abilities, Weirdness & Mutations

You reflexively headbutt those who attack you in melee.
You have a pair of horns on your head.
You are dopey. (Int -2)


Message History

You see here a bolt.
Okay, then.
Blink to where?
Press: ? - help, Dir - move target cursor You are very lightly contaminated with residual magic.
As you read the scroll of blinking, it crumbles to dust.
The yaktaur shoots a bolt.
You block the bolt.
The yaktaur captain wields a +0 arbalest.
The yaktaur captain shoots a bolt.
You block the bolt.
The yaktaur shoots a bolt.
The bolt hits your deep troll. Something claws your deep troll!
Something freezes your deep troll!!!
Your deep troll dies!
Your deep troll's corpse disappears in a puff of smoke!
The white very ugly thing gurgles horribly!
Blink to where?
Press: ? - help, Dir - move target cursor
As you read the scroll of blinking, it crumbles to dust.
The spriggan air mage waves its arms in wide circles.
The air twists around and strikes you!
You die...

#### ...#################
..........i.....@..#
...#####...#######.###########
....(§.'...+................>#
.uu#####...##.####.#########.#
c(.# #......#.# #.# #.####
.(T# #......#.#
#.#########....# uu.#
#......#.# #)......#....∩..
i### #......#(#
#............... )#
#...####(#####^.............


You could see a spriggan air mage (repels missiles).

Vanquished Creatures
  A tentacled monstrosity (Swamp:4)
  Gastronok (Lair:2)
  3 thorn hunters
  3 ghost moths
  Aizul (Swamp:3)
  A frost giant (Depths:1)
  Louise (D:14)
  3 emperor scorpions
  5 very ugly things
  2 stone giants (Depths:1)
  3 entropy weavers
  The ghost of kaldamae the Grappler, a journeyman TrMo (D:13)
  The ghost of Ribudoz the Blocker, a journeyman GnFi of Okawaru (Lair:5)
  Azrael (Orc:2)
  A minotaur (Gauntlet)
  A dire elephant (Lair:6)
  6 spark wasps
  The ghost of feorh the Severer, a journeyman HOGl of Dithmenos (Orc:1)
  Snorg (D:14)
  2 green deaths (Swamp:4)
  Josephine (D:14)
  A deep elf high priest (D:14)
  2 ice dragons (D:15)
  3 shambling mangroves
  25 hydras
  2 centaur warriors
  An anaconda (Swamp:4)
  4 ghost crabs
  11 alligators
  2 deep troll shamans (Depths:1)
  9 death yaks (Lair:6)
  A death knight (D:13)
  5 two-headed ogres
  A dancing weapon (Lair:5)
  Urug (D:13)
  A sun demon (Lair:6)
  The ghost of Cazemata the Cleaver, a novice MiBe of Trog (D:7)
  5 skeletal warriors
  2 spriggan druids
  The ghost of Doot the Conjurer, a novice DrCj of Vehumet (D:7)
  2 deep trolls (Depths:1)
  3 unseen horrors
  A glowing orange brain (Depths:1)
  2 large abominations (Swamp:4)
  A wizard (Lair:6)
  The ghost of passata the Magician, a novice DEFE of Vehumet (D:8)
  6 swamp dragons
  3 orc knights
  34 ugly things
  16 orb spiders
  The ghost of Morgoth2127 the Chiller, a novice DEIE of Sif Muna (D:7)
  2 necromancers
  29 wolf spiders
  5 cyclopes
  6 oklob plants
  A cyclops (shapeshifter) (Gauntlet)
  2 moths of wrath (Spider:4)
  An orc sorcerer (Orc:2)
  7 centaur zombies
  7 black mambas
  An elephant (shapeshifter) (D:14)
  2 centaur skeletons
  A gargoyle (D:14)
  An orange demon (Swamp:4)
  17 spiny frogs
  3 rime drakes (Lair:6)
  2 kobold demonologists (D:11)
  15 demonic crawlers
  A freezing wraith (D:15)
  2 yaktaurs
  9 komodo dragons
  An efreet (D:13)
  2 redback zombies (D:15)
  A queen bee (Lair:1)
  40 jumping spiders
  2 ice devils (Lair:6)
  6 trolls
  7 tyrant leeches
  A hornet (shapeshifter) (Depths:1)
  A polar bear (Lair:6)
  A polar bear (shapeshifter) (Gauntlet)
  20 hornets
  5 blink frogs (Swamp:3)
  16 slime creatures
  9 bog bodies
  A snapping turtle (shapeshifter) (Gauntlet)
  2 raiju (Gauntlet)
  9 hippogriffs
  A vampire (D:11)
  29 tarantellas
  10 wraiths
  42 yaks
  65 redbacks
  7 spriggans
  4 shadows
  A water elemental (D:14)
  3 wyverns
  3 fire elementals (Orc:2)
  Eustachio (D:5)
  A golden eye (shapeshifter) (D:14)
  2 hungry ghosts
  3 basilisks
  14 vampire mosquitoes
  5 soldier ants (D:6)
  15 swamp worms
  6 insubstantial wisps (Swamp:2)
  An acid dragon (D:15)
  2 wargs
  A floating eye (shapeshifter) (Gauntlet)
  7 hell hounds
  3 porcupines
  14 water moccasins
  Duvessa (D:5)
  2 sky beasts
  41 orc warriors
  10 swamp drakes
  4 phantoms
  A small abomination (Swamp:4)
  2 black bears
  4 ice beasts
  9 ogres
  3 eyes of draining
  16 wolves
  16 centaurs
  12 crocodiles
  2 big kobolds
  20 bullfrogs
  2 wyvern zombies
  2 water moccasin zombies
  Dowan (D:5)
  6 scorpions
  21 killer bees
  4 wights (D:6)
  6 howler monkeys
  An electric eel (D:14)
  A crimson imp (D:11)
  2 bullfrog zombies (D:7)
  A quasit (D:9)
  6 hounds
  A bullfrog skeleton (D:9)
  20 orc priests
  5 jellies
  25 orc wizards
  3 iguanas
  20 worker ants
  2 lightning spires (Gauntlet)
  3 yak simulacra (D:10)
  2 polar bear simulacra (D:10)
  2 wolf simulacra (D:10)
  2 hound zombies
  2 hound skeletons
  2 worker ant zombies
  11 gnolls
  A howler monkey skeleton (D:6)
  15 adders
  2 shadow imps
  An ooze (D:1)
  3 adder zombies
  4 worms
  11 leopard geckos
  82 orcs
  6 ball pythons
  11 giant cockroaches
  8 goblins
  7 hobgoblins
  9 jackals
  29 kobolds
  7 quokkas
  8 bats
  5 frilled lizards
  A leopard gecko skeleton (D:5)
  A leopard gecko zombie (D:6)
  A quokka skeleton (D:5)
  7 rats
  4 river rat simulacra (D:10)
  11 briar patches (Swamp:3)
  A fungus (Lair:6)
  3 plants
1200 creatures vanquished.

Vanquished Creatures (collateral kills)
  An emperor scorpion (Spider:4)
  2 wolf spiders (Spider:4)
  A torpor snail (Spider:4)
  3 orange demons (Lair:6)
  A smoke demon (Lair:6)
  4 demonic crawlers (Spider:4)
  A red devil (Lair:6)
  4 jumping spiders (Spider:4)
  2 hornets (Spider:4)
  4 redbacks (Spider:4)
  A tarantella (Spider:4)
  A vampire mosquito (Spider:4)
  A hell hound (Lair:6)
26 creatures vanquished.

Vanquished Creatures (others)
  A vampire mosquito (Swamp:3)
  A briar patch (Swamp:3)
  20 demonic plants (Gauntlet)
  2 fungi
  5 plants
29 creatures vanquished.

Grand Total: 1255 creatures vanquished

Notes
Turn   | Place    | Note
-------+----------+-------------------------------------------
     0 | D:1      | Clowwww the Minotaur Fighter began the quest for the Orb.
     0 | D:1      | Reached XP level 1. HP: 19/19 MP: 0/0
   259 | D:1      | Reached XP level 2. HP: 27/27 MP: 1/1
   670 | D:1      | Reached XP level 3. HP: 33/33 MP: 2/2
  1323 | D:2      | Found a bloodstained altar of Trog.
  1323 | D:2      | Found a radiant altar of Vehumet.
  1327 | D:2      | Became a worshipper of Trog the Wrathful
  1500 | D:2      | Reached XP level 4. HP: 39/40 MP: 3/3
  1745 | D:2      | You fall into a shaft and drop 2 floors!
  1757 | D:4      | Noticed an ogre
  1764 | D:4      | Killed an ogre
  1764 | D:4      | Reached skill level 5 in Shields
  1764 | D:4      | Reached XP level 5. HP: 25/46 MP: 4/4
  1915 | D:4      | Found a sparkling altar of Nemelex Xobeh.
  2079 | D:3      | Found a hazy altar of Hepliaklqana.
  2087 | D:3      | Reached * piety under Trog
  2267 | D:3      | Reached XP level 6. HP: 52/52 MP: 5/5
  2273 | D:3      | Reached skill level 5 in Axes
  2432 | D:3      | You fall into a shaft and drop 1 floor!
  2432 | D:4      | Found Ragennes's Book Emporium.
  2433 | D:4      | Found a blossoming altar of Fedhas.
  2459 | D:4      | Reached skill level 1 in Dodging
  2980 | D:3      | Reached skill level 5 in Armour
  2980 | D:3      | Reached XP level 7. HP: 54/60 MP: 6/6
  3935 | D:4      | Found a basalt altar of Yredelemnul.
  4123 | D:4      | Found Yduxeen's Antique Armour Shoppe.
  4199 | D:4      | Found Fod Next's Armour Emporium.
  4345 | D:5      | Entered Level 5 of the Dungeon
  4345 | D:5      | Noticed a hungry ghost
  4351 | D:5      | Killed a hungry ghost
  4360 | D:5      | Reached ** piety under Trog
  4394 | D:5      | Noticed Duvessa
  4401 | D:5      | Noticed Dowan
  4408 | D:5      | Killed Duvessa
  4413 | D:5      | Killed Dowan
  4413 | D:5      | Reached XP level 8. HP: 67/67 MP: 7/7
  4569 | D:5      | Noticed Eustachio
  4583 | D:5      | Killed Eustachio
  4583 | D:5      | Reached skill level 5 in Fighting
  5080 | D:5      | Found an ornate altar of the Wu Jian Council.
  5362 | D:6      | Found Qeifaepo's General Store.
  5427 | D:6      | Found a runed translucent gate.
  5433 | D:6      | Found a runed translucent door.
  5433 | D:6      | Found a runed translucent gate.
  5444 | D:6      | Found the +9 staff of Olgreb {rPois∞}
  5482 | D:6      | Found a runed translucent gate.
  5490 | D:6      | Found a runed translucent door.
  5626 | D:6      | Reached *** piety under Trog
  5834 | D:6      | Reached XP level 9. HP: 74/74 MP: 8/8
  5865 | D:6      | Found a snail-covered altar of Cheibriados.
  6093 | D:6      | Reached skill level 10 in Axes
  6945 | D:7      | Found a staircase to the Ecumenical Temple.
  7028 | D:7      | Identified the +7 flail of Giynev {vorpal, rC+}
  7087 | D:7      | Found a glowing silver altar of Zin.
  7087 | D:7      | Found a burning altar of Makhleb.
  7088 | D:7      | Noticed a balrug
  7088 | D:7      | Noticed an angel
  7115 | D:7      | Found a runed translucent gate.
  7115 | D:7      | Found a runed translucent gate.
  7117 | D:7      | Found a runed translucent gate.
  7117 | D:7      | Noticed Doot's ghost (novice DrCj)
  7117 | D:7      | Noticed Cazemata's ghost (novice MiBe)
  7117 | D:7      | Noticed Morgoth2127's ghost (novice DEIE)
  7140 | D:7      | Killed Morgoth2127's ghost
  7143 | D:7      | Killed Doot's ghost
  7143 | D:7      | Reached XP level 10. HP: 84/84 MP: 9/9
  7149 | D:7      | Killed Cazemata's ghost
  7470 | D:7      | Reached **** piety under Trog
  8195 | D:8      | Noticed passata's ghost (novice DEFE)
  8227 | D:8      | Found a transporter.
  8328 | D:8      | Found a transporter.
  8370 | D:8      | Killed passata's ghost
  8390 | D:8      | Got a pair of jewelled gloves
  8407 | D:8      | Identified the +1 pair of gloves of Zouw {*Drain rElec rN+
                  | Str+3} (You found it on level 8 of the Dungeon)
  8794 | D:8      | Noticed a two-headed ogre
  8801 | D:8      | Killed a two-headed ogre
  8801 | D:8      | Reached skill level 10 in Shields
  8906 | D:8      | Found a hide-covered altar of Uskayaw.
  9014 | D:8      | Reached ***** piety under Trog
  9387 | D:9      | Reached XP level 11. HP: 94/94 MP: 10/10
  9409 | D:9      | Reached skill level 1 in Stealth
  9530 | D:9      | Found a staircase to the Lair.
  9756 | D:9      | Found a shimmering altar of Xom.
  9903 | D:9      | Found a shadowy altar of Dithmenos.
  9978 | D:9      | Found a shattered altar of Ashenzari.
 10127 | D:9      | Found a blossoming altar of Fedhas.
 10313 | D:10     | Entered Level 10 of the Dungeon
 10677 | D:10     | Got a twisted trident
 10678 | D:10     | Identified the +9 trident "Biupifa" {flame, *Drain MR+
                  | Int+4 Dex+3} (You found it on level 10 of the Dungeon)
 10950 | D:10     | Reached skill level 1 in Polearms
 11109 | D:10     | Noticed a necromancer
 11116 | D:10     | Killed a necromancer
 11457 | D:11     | Noticed a purple ugly thing
 11462 | D:11     | Killed a purple ugly thing
 11602 | D:11     | Found Kiunidob's Assorted Antiques.
 12089 | D:11     | Noticed a two-headed ogre
 12095 | D:11     | Killed a two-headed ogre
 12095 | D:11     | Reached skill level 1 in Throwing
 12130 | D:11     | Gained mutation: You are dopey. (Int -2) [a neqoxec]
 12136 | D:11     | Received a gift from Trog
 12136 | D:11     | Reached skill level 5 in Dodging
 12776 | D:12     | Noticed a five-headed hydra
 12781 | D:12     | Killed a five-headed hydra
 12914 | D:12     | Reached XP level 12. HP: 106/106 MP: 3/11
 12917 | D:12     | Reached skill level 10 in Armour
 13362 | D:12     | Found a staircase to the Orcish Mines.
 13545 | D:12     | Noticed a two-headed ogre
 13553 | D:12     | Killed a two-headed ogre
 13693 | D:12     | Found a portal to a secret trove of treasure.
 13718 | D:12     | Reached skill level 10 in Fighting
 13767 | D:12     | Noticed a four-headed hydra
 13778 | D:12     | Killed a four-headed hydra
 14041 | D:12     | Reached skill level 1 in Maces & Flails
 14457 | D:13     | Got a fine scale mail
 14492 | D:13     | Got a faintly glowing tower shield
 14503 | D:13     | Identified the cursed +0 scale mail of Gluttony {rF+ rCorr
                  | Dex+4} (You found it on level 13 of the Dungeon)
 14513 | D:13     | Identified the +5 tower shield of Fixie {-Cast rElec rF+
                  | Int+5} (You found it on level 13 of the Dungeon)
 14644 | D:13     | Noticed a centaur warrior
 14654 | D:13     | Killed a centaur warrior
 14659 | D:13     | Noticed a six-headed hydra
 14665 | D:13     | Killed a six-headed hydra
 14785 | D:13     | Found a hide-covered altar of Uskayaw.
 14785 | D:13     | Noticed Urug
 14795 | D:13     | Killed Urug
 14858 | D:13     | Reached skill level 15 in Axes
 15050 | D:13     | Noticed a two-headed ogre
 15057 | D:13     | Killed a two-headed ogre
 15204 | D:13     | Noticed a seven-headed hydra
 15214 | D:13     | Killed a seven-headed hydra
 15247 | D:13     | Noticed a death knight
 15253 | D:13     | Killed a death knight
 15253 | D:13     | Reached XP level 13. HP: 24/115 MP: 1/12
 15766 | D:13     | Found a runed translucent door.
 15766 | D:13     | Noticed kaldamae's ghost (journeyman TrMo)
 15787 | D:13     | Killed kaldamae's ghost
 16440 | D:14     | Received a gift from Trog
 16449 | D:14     | Found a gate to the Vaults.
 16750 | D:14     | Noticed Josephine
 16760 | D:14     | Killed Josephine
 16794 | D:14     | Noticed Louise
 16822 | D:14     | Killed Louise
 16864 | D:14     | Noticed Snorg
 16879 | D:14     | Killed Snorg
 17155 | D:14     | Paralysed by a hornet for 1 turns
 17427 | D:14     | You fall into a shaft and drop 1 floor!
 17427 | D:15     | Entered Level 15 of the Dungeon
 18344 | D:15     | Found a sacrificial altar of Ru.
 18471 | D:15     | Found a staircase to the Depths.
 18771 | D:15     | Reached XP level 14. HP: 122/126 MP: 0/13
 19294 | D:15     | Received a gift from Trog
 19958 | Lair:1   | Entered Level 1 of the Lair of Beasts
 19980 | Lair:1   | You fall into a shaft and drop 1 floor!
 19980 | Lair:2   | Noticed Gastronok
 19992 | Lair:2   | Killed Gastronok
 21176 | Lair:2   | Reached skill level 15 in Shields
 21812 | Lair:3   | Found a staircase to the Swamp.
 21853 | Lair:3   | Found a gate leading to a gauntlet.
 21862 | Gauntlet | Entered a Gauntlet
 21862 | Gauntlet | Found a transporter.
 21862 | Gauntlet | Found a transporter.
 21863 | Gauntlet | Found a transporter.
 21863 | Gauntlet | Found a transporter.
 21877 | Gauntlet | Found a transporter.
 21887 | Gauntlet | Found a transporter.
 21903 | Gauntlet | Found a transporter.
 21929 | Gauntlet | Found a transporter.
 21944 | Gauntlet | Found a transporter.
 21950 | Gauntlet | Found a transporter.
 21964 | Gauntlet | Found a transporter.
 21974 | Gauntlet | Found a transporter.
 22143 | Gauntlet | Received a gift from Trog
 22255 | Gauntlet | Identified the +8 great sword of the Pariah {freeze, rElec
                  | MR+++ Str-4 Dex+4}
 22445 | Lair:3   | Found a hole to the Spider Nest.
 24136 | Lair:5   | Found a staircase to the Slime Pits.
 24522 | Lair:5   | Found a runed translucent door.
 24523 | Lair:5   | Found a shimmering altar of Xom.
 24523 | Lair:5   | Noticed Ribudoz's ghost (journeyman GnFi)
 24557 | Lair:5   | Killed Ribudoz's ghost
 25286 | Lair:6   | Entered Level 6 of the Lair of Beasts
 25319 | Lair:6   | Reached XP level 15. HP: 117/136 MP: 3/14
 25541 | Lair:6   | Received a gift from Trog
 27080 | Lair:6   | Found a burning altar of Makhleb.
 27099 | Lair:6   | Received a gift from Trog
 27129 | Lair:6   | Found a gateway to Hell.
 27638 | Spider:1 | Entered Level 1 of the Spider Nest
 27738 | Spider:1 | Reached skill level 5 in Maces & Flails
 28100 | Spider:1 | HP: 3/138 [jumping spider (4)]
 29839 | Spider:2 | Reached XP level 16. HP: 93/147 MP: 5/15
 30084 | Spider:2 | Received a gift from Trog
 31932 | Spider:3 | Reached skill level 15 in Fighting
 32044 | Spider:4 | Entered Level 4 of the Spider Nest
 32740 | Spider:4 | Reached ****** piety under Trog
 32740 | Spider:4 | Received a gift from Trog
 33295 | Spider:4 | Reached XP level 17. HP: 60/156 MP: 0/16
 33864 | Spider:4 | Got a gossamer rune of Zot
 34201 | Swamp:1  | Entered Level 1 of the Swamp
 34371 | Swamp:1  | Received a gift from Trog
 34577 | Swamp:1  | Found the +2 robe of Vines {NoPotionHeal Regen+7}
 36001 | Swamp:3  | Reached skill level 10 in Dodging
 36685 | Swamp:3  | Noticed Aizul
 36717 | Swamp:3  | Killed Aizul
 36717 | Swamp:3  | Received a gift from Trog
 37593 | Swamp:4  | Entered Level 4 of the Swamp
 38108 | Swamp:4  | Received a gift from Trog
 38831 | Swamp:4  | Reached XP level 18. HP: 155/168 MP: 17/17
 38878 | Swamp:4  | Noticed a tentacled monstrosity
 38890 | Swamp:4  | Killed a tentacled monstrosity
 38890 | Swamp:4  | Reached skill level 5 in Throwing
 39278 | Swamp:4  | Got a decaying rune of Zot
 39574 | Orc:1    | Entered Level 1 of the Orcish Mines
 39580 | Orc:1    | Received a gift from Trog
 39721 | Orc:1    | Found a runed translucent door.
 39742 | Orc:1    | Noticed feorh's ghost (journeyman HOGl)
 39762 | Orc:1    | Killed feorh's ghost
 39869 | Orc:2    | Entered Level 2 of the Orcish Mines
 39947 | Orc:2    | Found Cuguol's Antique Armour Emporium.
 39947 | Orc:2    | Found Hatuq's Armour Shop.
 39953 | Orc:2    | Found Kacvoul's Weapon Boutique.
 39957 | Orc:2    | Found Ysiat's Book Shoppe.
 40192 | Orc:2    | Found a staircase to the Elven Halls.
 40232 | Orc:2    | Bought the +0 pair of fencer's gloves {Riposte Dex+3} for
                  | 1280 gold pieces
 40232 | Orc:2    | Found the +0 pair of fencer's gloves {Riposte Dex+3}
 40258 | Orc:2    | Noticed Azrael
 40274 | Orc:2    | Killed Azrael
 40466 | Orc:2    | Found Ocof's Jewellery Boutique.
 40830 | Depths:1 | Entered Level 1 of the Depths
 40871 | Depths:1 | Received a gift from Trog
 41259 | Depths:1 | HP: 8/170 [yaktaur/bolt[a yaktaur captain] (27)]
 41266 | Depths:1 | Killed from afar by a spriggan air mage

Illustrated notes

Levels and vault maps discovered:
D:1:      lightli_arrival_lavapool, layout_loops_cross
D:2:      minmay_evil_eye, layout_basic,
          chequers_temple_overflow_statue_of_worship, minmay_misc_feat_x,
          minmay_pentomino_q4
D:3:      layout_loops_corners, lemuel_crystal_altar, first_ration
D:4:      layout_loops_ring, fedhas_bush_and_centaur_altar,
          nemelex_xobeh_ov_fountains_minmay, lemuel_crystal_altar, serial_shops,
          nicolae_shop_behind_doors, shop, shop, st_stairs_7,
          small_statue_intersection
D:5:      layout_gridville, lemuel_crystal_altar, uniq_duvessa, uniq_eustachio
D:6:      layout_rooms, old_standard_altar, serial_shops, shop,
          minmay_guarded_unrand_staff_of_olgreb
D:7:      layout_basic, grunt_temple_overflow_order_and_chaos_2,
          minmay_temple_entry_overgrown, gammafunk_ghost_cemetery,
          grunt_ogre_cave, minmay_misc_feat_alley
D:8:      layout_rooms, eat_drink_and_be_merry_uskayaw, gammafunk_ghost_arena,
          kennysheep_generic_room_8
D:9:      layout_loops_cross, cheibrodos_ashenzari_chains, old_standard_altar,
          grunt_lair_entry_orc_guard_hut, basic_altar, minivault_5, tgw_xom
D:10:     layout_basic, eino_house_with_fridge
D:11:     layout_loops_corners, serial_shops, shop
D:12:     layout_loops_corners, david_orc_2, enter_trove_3,
          chequers_serial_rivers_micro_e
D:13:     layout_gridville, special_room [special_room_orc], basic_altar,
          gammafunk_ghost_grave, uniq_urug
D:14:     layout_cave_pods, david_vaults_1, fountainhead, nrook_mini_vaults,
          kennysheep_just_a_vault, uniq_josephine, uniq_louise, uniq_snorg
D:15:     grunt_enter_depths_hoard, layout_long_grid,
          nicolae_ru_sacrificial_ziggurat
Lair:1:   layout_cave_pods, special_room [special_room_bee], grunt_megastairs_1
Lair:2:   layout_roguey, beast_lair_carwin_9, lemuel_fruit_tree, uniq_gastronok
Lair:3:   layout_loops_ring, swamp_mist, nicolae_spider_entry_non_spiders,
          gauntlet_entry_generic
Lair:4:   layout_layer_cave, chequers_serial_rivers_marsh
Lair:5:   layout_long_grid, minmay_slime_entry_oklob_open, ebering_ghost_xom,
          infiniplex_staircase_pool
Lair:6:   evil_forest, layout_regular_city, nicolae_lair_grove_arrangements,
          grunt_megastairs_4, minmay_lair_oklob_chamber
Swamp:1:  layout_basic_swamp, nicolae_swamp_dense_foliage, swamp_pool5,
          infiniplex_staircase_pool_2
Swamp:2:  layout_falls_marsh, evilmike_swamp_ruin_house_4
Swamp:3:  layout_falls_marsh, evilmike_swamp_ruin_house_3, swamp_pool4,
          uniq_aizul
Swamp:4:  swamp_vile, layout_basic_swamp, swamp_pool2, nicolae_swamp_snake_nest
Spider:1: layout_chambers
Spider:2: lemuel_spider_zombies, drop_trap
Spider:3: layout_spider_delve
Spider:4: spider_rune_water, einodemon_crawler_minivault
Orc:1:    layout_caves, ebering_ghost_inner_flame
Orc:2:    st_orc_rangers, layout_caves, serial_shops, shop, minmay_orc_treasury,
          uniq_azrael
Depths:1: layout_basic, hell_entry, kb_rosetta

Skill      XL: |  1  2  3  4  5  6  7  8  9 10 11 12 13 14 15 16 17 18 |
---------------+-------------------------------------------------------+-----
Armour         | 4 5 7 8 9 10 11 12 13 | 13.5
Shields        | 4 5 6 7 9 10 11 12 14 15 17 18 19 20 | 20.7
Fighting       | 4 5 6 8 9 10 12 13 14 15 16 17 | 17.2
Axes           | 3 4 6 7 9 11 12 14 15 16 18 19 20 | 20.6
Dodging        | 1 2 3 4 5 6 7 8 9 10 | 10.6
Stealth        | 1 2 3 |  3.4
Polearms       | 2 |  2.6
Throwing       | 1 2 4 5 |  5.0
Maces & Flails | 2 3 5 |  5.0
Evocations     | |  0.4

Action                   |  1- 3 |  4- 6 |  7- 9 | 10-12 | 13-15 | 16-18 || total
-------------------------+-------+-------+-------+-------+-------+-------++-------
Melee: War axe           |   111 |   124 |   295 |   445 |       |       ||   975
       Headbutt          |    11 |    22 |    55 |   176 |   315 |   359 ||   938
       Broad axe         |       |       |       |   207 |   986 |  1244 ||  2437
       Trident           |       |       |       |    21 |       |       ||    21
       Flail             |       |       |       |    27 |    62 |       ||    89
Throw: Javelin           |       |       |     6 |     8 |    13 |    91 ||   118
       Throwing net      |       |       |       |       |       |     1 ||     1
Invok: Berserk           |       |       |     3 |     1 |     7 |     6 ||    17
       Trog's Hand       |       |       |     1 |     1 |     6 |     4 ||    12
       Brothers in Arms  |       |       |       |       |     2 |     5 ||     7
Evoke: Wand              |       |       |     1 |     1 |       |     2 ||     4
  Use: Potion            |       |     1 |     1 |     2 |     6 |     2 ||    12
       Scroll            |       |       |    14 |    14 |    17 |    10 ||    55
 Stab: Confused          |       |       |       |       |       |     5 ||     5
  Eat: Chunk             |     2 |     5 |    12 |    26 |    28 |    30 ||   103
       Ration            |       |       |     1 |     1 |     8 |     5 ||    15
Armor: Scale mail        |    52 |    38 |   108 |   169 |   180 |   212 ||   759
Dodge: Dodged            |    34 |    30 |   103 |   244 |   276 |   355 ||  1042
Block: Kite shield       |    66 |    68 |   148 |   320 |       |       ||   602
       Tower shield      |       |       |       |   121 |  1136 |  1507 ||  2764
